 Dungeon Crawl Stone Soup version 0.31-a0-246-g8cbcc1cb85 (webtiles) character file.

Game seed: 4459036720216265683

1059 cforsyth the Changeling (level 8, -2/74 HPs)
             Began as an Ogre Shapeshifter on July 12, 2023.
             Slain by a scorpion (4 damage)
             ... in the Ecumenical Temple.
             The game lasted 00:07:16 (5145 turns).

cforsyth the Changeling (Ogre Shapeshifter)         Turns: 5145, Time: 00:07:16

Health: -2/74      AC:  3    Str: 22    XL:     8   Next: 27%
Magic:  8/8        EV:  9    Int:  9    God:
Gold:   252        SH:  0    Dex:  9    Spells: 7/7 levels left

rFire   . .          .
                       - Unarmed
rCold   . . .        (no shield)
rNeg    + . .        w - +0 robe {Will+}
rPois   .            (helmet currently unavailable)
rElec   .            (cloak currently unavailable)
rCorr   .            (gloves unavailable)
SInv    +            (boots unavailable)
Will    +....        (no amulet)
Stlth   +            i - ring of positive energy
HPRegen 0.32/turn    v - ring of see invisible
MPRegen 0.11/turn

%: no passive effects
@: lethally poisoned (-2 -> -31), beast-form
A: beast (slay +4), large, unfitting armour, tough skin 1
a: no special abilities


You were in the Ecumenical Temple.
You were a hulking beast.
You visited 2 branches of the dungeon, and saw 6 of its levels.

You collected 252 gold pieces.

Inventory:

Armour
 w - a +0 robe of willpower (worn)
Jewellery
 i - a ring of positive energy (left hand)
 v - a ring of see invisible (right hand)
Talismans
 c - a beast talisman
Wands
 s - a wand of flame (22)
 u - a wand of polymorph (5)
Scrolls
 d - 3 scrolls of identify {unknown}
 f - a scroll of fear {unknown}
 l - 2 scrolls of vulnerability {unknown}
 m - a scroll of noise {unknown}
 n - 2 scrolls of amnesia {unknown}
 o - a scroll of poison {unknown}
 r - 2 scrolls of enchant armour {unknown}
 t - a scroll of enchant weapon {unknown}
Potions
 e - 2 potions of attraction {unknown}
 g - 3 potions of heal wounds
 h - a potion of brilliance {unknown}
 j - a potion of degeneration {unknown}
 k - a potion of enlightenment {unknown}
 p - 3 potions of haste
 q - a potion of cancellation


   Skills:
 - Level 2.6 Fighting
 - Level 1.7 Dodging
 + Level 6.3 Unarmed Combat
 + Level 6.3 Shapeshifting


You had 7 spell levels left.
You didn't know any spells.
Your spell library contained the following spells:

 Spells                   Type           Power      Damage    Failure   Level
 Sublimation of Blood     Necr           0%         N/A       52%         2
 Wereblood                Tmut           0%         N/A       52%         2
 Summon Hydra             Summ           0%         N/A       100%        7


Dungeon Overview and Level Annotations

Branches:
Dungeon (5/15)             Temple (1/1) D:5

Altars:
Ashenzari
Cheibriados
Dithmenos
Elyvilon
Fedhas
Kikubaaqudgha
Makhleb
Okawaru
Ru
Sif Muna
Trog
Uskayaw
Vehumet
Wu Jian
Xom
Yredelemnul
The Shining One

Shops:
D:1 !

Annotations:
D:5 Menkaure


Innate Abilities, Weirdness & Mutations

You are a hulking beast.
Your limbs bulge with bestial killing power. (Slay +4)
You are too large for most types of armour.
You have tough skin. (AC +1)


Message History

The scorpion poisons you!
The killer bee stings you but does no damage.
The killer bee barely misses you. The scorpion stings you.
You are more poisoned.
The scorpion poisons you!
The killer bee stings you but does no damage. x2
There is a staircase to the Ecumenical Temple, spattered with blood here.
You feel extremely sick. The killer bee stings you.
You are more poisoned.
The killer bee poisons you!
The killer bee stings you but does no damage.
The scorpion stings you but does no damage.
The hound barely misses you. The killer bee stings you.
The killer bee stings you but does no damage.
You climb downwards.
Welcome back to the Ecumenical Temple!
You feel extremely sick.
There is a staircase back to the Dungeon, spattered with blood here.
You punch the killer bee! You punch the killer bee.
The killer bee is severely wounded.
You feel very sick. The killer bee stings you!
* * * LOW HITPOINT WARNING * * *
The killer bee stings you.
* * * LOW HITPOINT WARNING * * *
You are more poisoned.
The killer bee poisons you!
The scorpion stings you but does no damage.
Unknown command.
You hit the killer bee.
The killer bee is almost dead.
* * * LOW HITPOINT WARNING * * *
You feel very sick. The killer bee stings you.
* * * LOW HITPOINT WARNING * * *
You are more poisoned.
The killer bee poisons you! The killer bee stings you.
* * * LOW HITPOINT WARNING * * *
The scorpion stings you.
You die...

#≈...._.8.......8._....≈#
#≈≈......._._._.......≈≈#
#≈≈≈.................≈≈≈#
#≈≈≈≈≈.............≈≈≈≈≈#
#≈≈≈≈≈≈≈≈.......≈≈≈≈≈≈≈≈#
#≈≈≈≈≈≈≈≈≈.....≈≈≈≈≈≈≈≈≈#
#≈≈≈≈≈≈≈≈≈.....≈≈≈≈≈≈≈≈≈#
#≈≈≈≈≈≈≈≈≈..y..≈≈≈≈≈≈≈≈≈#
#≈≈≈≈≈≈≈≈≈..hy.≈≈≈≈≈≈≈≈≈#
#≈≈≈≈≈≈≈≈≈..s..≈≈≈≈≈≈≈≈≈#
#≈≈≈≈≈≈≈≈≈.....≈≈≈≈≈≈≈≈≈#
#≈≈≈≈≈≈≈≈≈.....≈≈≈≈≈≈≈≈≈#
#≈≈≈≈≈≈≈≈.......≈≈≈≈≈≈≈≈#
#≈≈≈≈≈.............≈≈≈≈≈#
#≈≈≈.................≈≈≈#
#≈≈......._._._.......≈≈#
#≈...._.8.......8._....≈#


You could see a scorpion and 2 killer bees.

Vanquished Creatures
  Pikel (D:5)
  4 lemures
  A phantom (D:4)
  A gnoll sergeant (D:5)
  A scorpion (D:4)
  A killer bee (Temple)
  A jelly (D:5)
  A hound (D:5)
  Terence (D:3)
  2 iguanas
  8 gnolls
  5 adders
  A shadow imp (D:4)
  A worm (D:2)
  3 dart slugs
  6 endoplasms
  3 giant cockroaches
  9 goblins
  6 hobgoblins
  7 jackals
  6 quokkas
  10 ball pythons
  8 bats
  7 frilled lizards
  7 kobolds
  5 rats
106 creatures vanquished.

Notes
Turn   | Place    | Note
-------+----------+-------------------------------------------
     0 | D:1      | cforsyth the Ogre Shapeshifter began the quest for the Orb.
     0 | D:1      | Reached XP level 1. HP: 22/22 MP: 1/1
   210 | D:1      | Reached XP level 2. HP: 27/29 MP: 2/2
   478 | D:1      | Found Neyf's Distillery.
   539 | D:1      | Reached XP level 3. HP: 35/36 MP: 3/3
  1305 | D:2      | Reached XP level 4. HP: 44/44 MP: 4/4
  1602 | D:3      | Noticed Terence
  1734 | D:3      | Killed Terence
  1944 | D:3      | Reached XP level 5. HP: 50/50 MP: 5/5
  2163 | D:3      | Found an ornate altar of the Wu Jian Council.
  2801 | D:4      | Found an iron altar of Okawaru.
  2981 | D:4      | Found a basalt altar of Yredelemnul.
  3043 | D:4      | Reached XP level 6. HP: 57/59 MP: 6/6
  3426 | D:5      | Entered Level 5 of the Dungeon
  3651 | D:5      | Noticed a black bear
  3672 | D:4      | Reached skill level 5 in Shapeshifting
  4073 | D:5      | Reached XP level 7. HP: 50/66 MP: 7/7
  4366 | D:5      | Noticed Pikel
  4425 | D:5      | Killed Pikel
  4426 | D:5      | Reached skill level 5 in Unarmed Combat
  4426 | D:5      | Reached XP level 8. HP: 7/74 MP: 8/8
  4903 | D:5      | Found a staircase to the Ecumenical Temple.
  4906 | D:5      | Noticed Menkaure
  4912 | Temple   | Entered the Ecumenical Temple
  5145 | Temple   | HP: 2/74 [killer bee (5)]
  5145 | Temple   | Slain by a scorpion

Illustrated notes

Levels and vault maps discovered:
D:1:      doesnt_arrival_eight_statues, layout_loops_ring, serial_forest,
          infiniplex_forest_side_room, infiniplex_forest_lined_3,
          infiniplex_forest_clump_cross, infiniplex_forest_straight_5,
          infiniplex_forest_lined_2, infiniplex_forest_zigzag_2,
          infiniplex_forest_straight_4, infiniplex_forest_end_2, serial_shops,
          shop, roderic_serpentine_path
D:2:      layout_basic, kennysheep_generic_room_4
D:3:      layout_rooms, nicolae_wu_jian_immortal_techniques, serial_rivers,
          chequers_serial_rivers_small_b, chequers_serial_rivers_micro_a,
          chequers_serial_rivers_small_a, chequers_serial_rivers_micro_c,
          chequers_serial_rivers_small_3, chequers_serial_rivers_micro_a,
          uniq_terence
D:4:      layout_loops_ring, overflow_temple_1_default,
          mainiacjoe_overflow_brackets
D:5:      layout_cave_pools, minmay_temple_entry_trees, serial_gnoll_camp,
          gnoll_camp_mini_hut, gnoll_camp_mini_sergeant, gnoll_camp_mini_hut,
          gnoll_camp_mini_hut, uniq_pikel, uniq_menkaure,
          uniq_crazy_yiuf_cottage
Temple:   nicolae_temple_two_arcs

Skill      XL: |  1  2  3  4  5  6  7  8 |
---------------+-------------------------+-----
Unarmed Combat | 2 3 4 5 6 |  6.3
Shapeshifting  | 4 5 6 |  6.3
Fighting       | |  2.6
Dodging        | |  1.7

Action                     |  1- 3 |  4- 6 |  7- 9 || total
---------------------------+-------+-------+-------++-------
  Melee: Unarmed           |   103 |   154 |    66 ||   323
         Punch             |     2 |     5 |     7 ||    14
    Use: Potion            |       |       |     4 ||     4
   Stab: Sleeping          |     1 |       |       ||     1
 Armour: Animal skin       |    29 |    30 |     5 ||    64
         Skin              |       |       |     4 ||     4
         Robe              |       |       |    11 ||    11
  Dodge: Dodged            |    39 |    64 |    24 ||   127

Table legend: (Time is in decaauts)
 A = Elapsed time spent in this place.
 B = Non-inter-level travel time spent in this place.
 C = Inter-level travel time spent in this place.
 D = Time resting spent in this place.
 E = Time spent auto-exploring this place.
 F = Levels seen in this place.
 G = Mean time per level.
                   A        B        C        D        E       F      G
               +--------+--------+--------+--------+--------+-----+--------+
         Total |   5128 |   5075 |     53 |   1202 |   3075 |   6 |  854.7 |
       Dungeon |   4898 |   4845 |     53 |   1202 |   2873 |   5 |  979.6 |
        Temple |    230 |    230 |      0 |      0 |    202 |   1 |  230.0 |
               +--------+--------+--------+--------+--------+-----+--------+

Top non-repeatable levels by time:
     D:4: 1535 daAuts
     D:1: 974 daAuts
     D:3: 876 daAuts
     D:5: 770 daAuts
     D:2: 741 daAuts
  Temple: 230 daAuts
